 Dungeon Crawl Stone Soup version 0.24.1-14-gf8d2b509d9 (webtiles) character file.

Game seed: 4455482004427637664, levelgen mode: deterministic

1691 Bodigarde the Purveyor of Pain (level 8, -7/57 HPs)
             Began as a Mummy Necromancer on May 19, 2020.
             Was an Initiate of Kikubaaqudgha.
             Mangled by an ogre
             ... wielding a cursed -3 giant club
              (20 damage)
             ... on level 6 of the Dungeon.
             The game lasted 00:35:43 (9994 turns).

Bodigarde the Purveyor of Pain (Mummy Necromancer)  Turns: 9994, Time: 00:35:44

Health: -7/57      AC:  4    Str: 18    XL:     8   Next: 72%
Magic:  3/17       EV: 13    Int: 14    God:    Kikubaaqudgha [......]
Gold:   318        SH:  0    Dex: 15    Spells: 10/19 levels left

rFire    x . .     SeeInvis .   a - +1 dagger (pain)
rCold    + + +     Gourm    .   (no shield)
rNeg     + + +     Faith    .   s - +1 robe {rC+}
rPois    ∞         Spirit   .   q - +0 helmet of the Stag {Str+7}
rElec    .         Reflect  .   (no cloak)
rCorr    .         Harm     .   (no gloves)
MR       +....                  (no boots)
Stlth    ++........             (no amulet)
HPRegen  0.19/turn              p - ring of protection from cold
MPRegen  0.15/turn              (no ring)

@: no status effects
A: no food or potions, fire vulnerability, cold resistance 1, negative energy
resistance 3, torment resistance, unbreathing
a: Renounce Religion


You were on level 6 of the Dungeon.
You worshipped Kikubaaqudgha.
Kikubaaqudgha was noncommittal.
You were not hungry.

You visited 1 branch of the dungeon, and saw 6 of its levels.
You also visited: Sewer.

You collected 318 gold pieces.

Inventory:

Hand Weapons
 a - a +1 dagger of pain (weapon)
 b - a +0 hunting sling
 c - a +2 dagger of electrocution
Missiles
 d - 104 stones (quivered)
 g - 33 sling bullets
 l - 12 poisoned darts
Armour
 q - the +0 helmet of the Stag (worn) {Str+7}
   (You found it on level 4 of the Dungeon)

   It affects your strength (+7).
 s - a +1 robe of cold resistance (worn)
Jewellery
 k - an uncursed ring of ice
 p - a ring of protection from cold (left hand)
 u - an uncursed amulet of harm {unknown}
Wands
 j - a wand of iceblast (2)
 o - a wand of clouds (1)
 t - a wand of paralysis (8)
Scrolls
 e - 2 scrolls of remove curse
 f - a scroll of enchant armour
 h - 2 scrolls of blinking
 i - 2 scrolls of enchant weapon
 m - a scroll of immolation {unknown}
 n - a scroll of amnesia {unknown}
 r - a scroll of teleportation


   Skills:
 + Level 2.6 Fighting
 * Level 4.9 Short Blades
 + Level 2.8 Dodging
 - Level 1.5 Stealth
 - Level 6.3 Spellcasting
 - Level 8.0 Necromancy


You had 10 spell levels left.
You knew the following spells:

 Your Spells              Type           Power        Failure   Level  Hunger
a - Pain                  Necr           ####         1%          1    N/A
b - Animate Skeleton      Necr           N/A          1%          1    N/A
c - Vampiric Draining     Necr           ####......   1%          3    N/A
d - Animate Dead          Necr           N/A          6%          4    N/A

Your spell library contained the following spells:

 Spells                   Type           Power        Failure   Level  Hunger
 Corona                   Hex            #......      16%         1    N/A
 Ensorcelled Hibernation  Hex/Ice        #.....       24%         2    N/A
 Confuse                  Hex            #.......     43%         3    N/A
 Dazzling Spray           Conj/Hex       #.....       43%         3    N/A
 Tukima's Dance           Hex            #.......     43%         3    N/A
 Regeneration             Chrm/Necr      Unusable     N/A         3    N/A

Dungeon Overview and Level Annotations

Branches:
Dungeon (6/15)              Sewer (visited)
 Temple: D:4-7

Altars:
Cheibriados
Elyvilon
Fedhas
Kikubaaqudgha
Ru
Wu Jian
Xom
Zin


Innate Abilities, Weirdness & Mutations

You do not eat or drink.
Your flesh is vulnerable to fire.
You are immune to poison.
Your flesh is cold resistant. (rC+)
You are immune to negative energy. (rN+++)
You are immune to unholy pain and torment.
You can survive without breathing.


Message History

Aiming: Vampiric Draining (safe; 1% risk of failure)
Press: ? - help, Shift-Dir - straight line, f - ogre
Aim: an ogre, wielding a -3 giant club The ogre is moderately wounded.
You feel life coursing into your body.
The ogre hits you with a cursed -3 giant club!
* * * LOW HITPOINT WARNING * * *
Casting: Vampiric Draining (safe; 1% risk of failure)
Confirm with . or Enter, or press ? or * to list all spells.
You don't have enough magic to cast that spell.
Unknown command.
The killer bee stings you but does no damage.
The killer bee stings you.
* * * LOW HITPOINT WARNING * * *
The killer bee closely misses you.
There is a stone staircase leading up here.
The killer bee closely misses you. The killer bee barely misses you.
The ogre hits you with a cursed -3 giant club!!
You die...
Kikubaaqudgha rasps: "You have failed me!
Welcome... oblivion!"

............y...#.#.# ..
...........#..#.#.#.# ..
############..#.#.#.##### ...
####### #........#...# ...
......#######...........######..[
#####.##........#†#..............
.........#####..#.#......zz......
.##.#.##.#####..#O#.#......%.....
................@y...............
>.....##.#####..#.#.#..........##
.##.#.##.# ###..#.###....z.....#
###.#.##.##.!..........#.......#
# ###.##.####..#..######.......#
#####.##..........# #.......#
..................# #.......#
####.#####.#.....(# #.......# #
#.# ##.#......# #.......#


You could see an ogre and a killer bee.

Vanquished Creatures
  Prince Ribbit (D:5)
  An ice beast (D:5)
  Duvessa (D:5)
  A phantom (D:5)
  3 bullfrogs (D:6)
  2 killer bees (D:6)
  A scorpion (D:4)
  Dowan (D:5)
  A wight (D:5)
  A quasit (Sewer)
  4 hounds
  2 orc priests
  A bullfrog skeleton (D:6)
  A centaur skeleton (D:4)
  An iguana (D:4)
  5 orc wizards
  4 worker ants
  A big kobold zombie (Sewer)
  A hound zombie (D:6)
  A hound skeleton (D:6)
  A howler monkey skeleton (D:6)
  3 gnolls (D:4)
  6 adders
  2 river rats
  2 shadow imps
  3 ufetubi (Sewer)
  An adder skeleton (D:6)
  2 worms (D:2)
  A leopard gecko (D:3)
  19 orcs
  6 giant cockroaches
  11 goblins
  4 hobgoblins
  6 jackals
  3 quokkas
  3 ball pythons
  6 bats
  4 frilled lizards
  A jackal skeleton (D:4)
  33 kobolds
  A kobold zombie (Sewer)
  A leopard gecko skeleton (D:4)
  6 rats
159 creatures vanquished.

Vanquished Creatures (collateral kills)
  An orc (D:3)
  A giant cockroach (Sewer)
  A hobgoblin (D:1)
3 creatures vanquished.

Vanquished Creatures (others)
  A kobold zombie (Sewer)
1 creature vanquished.

Grand Total: 163 creatures vanquished

Notes
Turn   | Place    | Note
-------+----------+-------------------------------------------
     0 | D:1      | Bodigarde the Mummy Necromancer began the quest for the
                  | Orb.
     0 | D:1      | Reached XP level 1. HP: 13/13 MP: 4/4
     2 | D:1      | Learned a level 1 spell: Animate Skeleton
   109 | D:1      | Reached XP level 2. HP: 16/19 MP: 0/6
  1014 | D:1      | Reached XP level 3. HP: 24/24 MP: 0/7
  1192 | D:2      | Learned a level 3 spell: Vampiric Draining
  2260 | D:2      | Found an ornate altar of the Wu Jian Council.
  2565 | D:3      | Reached skill level 5 in Necromancy
  2578 | D:3      | Reached XP level 4. HP: 22/30 MP: 0/9
  2813 | D:3      | Found a glowing drain.
  2832 | Sewer    | Entered a sewer
  2952 | Sewer    | Learned a level 4 spell: Animate Dead
  3519 | Sewer    | Reached skill level 1 in Short Blades
  3519 | Sewer    | Reached XP level 5. HP: 23/35 MP: 3/11
  3687 | Sewer    | Noticed Grinder
  3694 | Sewer    | Found a burning altar of Makhleb.
  3728 | Sewer    | Paralysed by Grinder for 7 turns
  5540 | D:4      | Reached skill level 6 in Necromancy
  5543 | D:4      | Reached XP level 6. HP: 30/41 MP: 2/12
  5941 | D:4      | Reached skill level 5 in Spellcasting
  6306 | D:4      | Reached XP level 7. HP: 46/46 MP: 10/14
  6368 | D:4      | Got a dazzling helmet
  6374 | D:4      | Identified the +0 helmet of the Stag {Str+7} (You found it
                  | on level 4 of the Dungeon)
  6773 | D:4      | Found a snail-covered altar of Cheibriados.
  6870 | D:5      | Entered Level 5 of the Dungeon
  6928 | D:5      | Noticed Dowan
  6929 | D:5      | Reached skill level 7 in Necromancy
  6930 | D:5      | Noticed Duvessa
  6954 | D:5      | Killed Dowan
  7832 | D:5      | Killed Duvessa
  7920 | D:5      | Found a sacrificial altar of Ru.
  8000 | D:5      | Noticed Prince Ribbit
  8018 | D:5      | Killed Prince Ribbit
  8018 | D:5      | Reached XP level 8. HP: 29/52 MP: 8/17
  8337 | D:5      | Reached skill level 8 in Necromancy
  8860 | D:5      | Found a glowing silver altar of Zin.
  8970 | D:6      | Reached skill level 1 in Fighting
  9413 | D:6      | Found a white marble altar of Elyvilon.
  9734 | D:6      | Found a shimmering altar of Xom.
  9737 | D:6      | Found an ancient bone altar of Kikubaaqudgha.
  9737 | D:6      | Found a blossoming altar of Fedhas.
  9742 | D:6      | Became a worshipper of Kikubaaqudgha
  9994 | D:6      | Mangled by an ogre

Levels and vault maps discovered:
D:1:      dpeg_arrival_ternary, layout_loops_ring,
          chequers_serial_rivers_small_b, minmay_pentomino_t4
D:2:      layout_basic, nicolae_overflow_hidden_temple
D:3:      layout_loops_corners, portal_sewer_entry_a, first_ration,
          minmay_misc_feat_plants
D:4:      layout_rooms, lemuel_crystal_altar
D:5:      layout_loops_ring, zin_treasury, enter_ossuary_5,
          nicolae_ru_great_annihilating_truth, uniq_prince_ribbit1, uniq_duvessa
D:6:      layout_basic, gammafunk_temple_overflow_forgotten,
          grunt_gozag_statues, lemuel_doored_altar, ebering_ghost_disaster_area,
          nicolae_tso_swordbearing_angel

Skill      XL: |  1  2  3  4  5  6  7  8 |
---------------+-------------------------+-----
Spellcasting   | 3 4 5 6 |  6.3
Necromancy     | 5 6 7 8 |  8.0
Short Blades   | 1 2 3 4 |  4.9
Fighting       | 2 |  2.6
Dodging        | 2 |  2.8
Stealth        | |  1.5

Action                   |  1- 3 |  4- 6 |  7- 9 || total
-------------------------+-------+-------+-------++-------
Melee: Unarmed           |     1 |       |       ||     1
       Dagger            |    12 |    67 |   113 ||   192
 Fire: Hunting sling     |       |    46 |    16 ||    62
Throw: Stone             |     8 |       |       ||     8
 Cast: Pain              |   101 |   104 |    62 ||   267
       Animate Skeleton  |    12 |     2 |       ||    14
       Animate Dead      |       |    16 |    14 ||    30
       Vampiric Draining |       |     5 |    10 ||    15
Evoke: Wand              |       |     6 |     1 ||     7
  Use: Scroll            |     3 |     3 |     1 ||     7
 Stab: Paralysed         |       |       |     1 ||     1
Armor: Robe              |     4 |    19 |    18 ||    41
Dodge: Dodged            |    34 |   101 |    67 ||   202
